 Dungeon Crawl Stone Soup version 0.31-a0-1603-gbec6b6ccbf (webtiles) character file.

Game seed: 17728623562364062486

84 grandjackal the Chopper (level 4, 0/35 HPs)
             Began as a Demonspawn Gladiator on Jan 8, 2024.
             Slain by a gnoll
             ... wielding a +0 spear
              (1 damage)
             ... on level 3 of the Dungeon.
             The game lasted 00:01:32 (1412 turns).

grandjackal the Chopper (Demonspawn Gladiator)      Turns: 1412, Time: 00:01:32

Health: 0/35       AC:  6    Str: 16    XL:     4   Next: 24%
Magic:  4/4        EV: 11    Int:  8    God:
Gold:   65         SH:  0    Dex: 15    Spells: 3/3 levels left

rFire   . . .        a - +0 war axe
rCold   . . .        (no shield)
rNeg    . . .        h - +0 ring mail
rPois   .            c - +0 helmet
rElec   .            (no cloak)
rCorr   .            (no gloves)
SInv    .            (no boots)
Will    .....        (no amulet)
Stlth   +            (no ring)
HPRegen 0.25/turn    (no ring)
MPRegen 0.09/turn

%: no passive effects
@: no status effects
A: demonic magic 2
a: no special abilities


You were on level 3 of the Dungeon.
You visited 1 branch of the dungeon, and saw 3 of its levels.

You collected 65 gold pieces.

Inventory:

Hand Weapons
 a - a +0 war axe (weapon)
 g - a +0 mace of protection
Missiles
 d - 3 throwing nets (quivered)
 e - a javelin
Armour
 c - a +0 helmet (worn)
 h - a +0 ring mail (worn)
Scrolls
 f - a scroll of fog {unknown}
 j - a scroll of noise {unknown}
Potions
 b - 2 potions of attraction {unknown}
 i - 2 potions of mutation {unknown}
 k - a potion of brilliance {unknown}
 l - a potion of invisibility {unknown}
 m - a potion of enlightenment {unknown}


   Skills:
 + Level 3.3 Fighting
 + Level 3.6 Axes
 - Level 2.0 Throwing
 - Level 3.0 Dodging


You had 3 spell levels left.
You didn't know any spells.
Your spell library contained the following spells:

 Spells                   Type           Power      Damage    Failure   Level
 Ignite Poison            Fire/Alch      0%         N/A       100%        4
 Sticky Flame             Fire/Alch      0%         2d4       100%        4
 Ignition                 Fire           0%         3d3       100%        8


Dungeon Overview and Level Annotations

Branches:
Dungeon (3/15)

Altars:
Ashenzari

Shops:
D:1 [


Innate Abilities, Weirdness & Mutations

Spells you cast may paralyse nearby enemies.


Message History

The gnoll hits you but does no damage.
The gnoll hits you from afar with a +0 spear.
The gnoll closely misses you.
You barely miss the gnoll.
The gnoll is moderately wounded.
The gnoll barely misses you. The gnoll closely misses you.
The gnoll hits you from afar with a +0 spear.
You are too injured to fight recklessly!
You are too injured to fight recklessly!
You are too injured to fight recklessly!
You closely miss the gnoll.
The gnoll is moderately wounded.
The gnoll barely misses you.
The gnoll hits you from afar with a +0 spear.
You barely miss the gnoll.
The gnoll is moderately wounded.
The gnoll closely misses you. The gnoll barely misses you.
The gnoll hits you but does no damage.
You hit the gnoll.
The gnoll is heavily wounded.
The gnoll closely misses you. The gnoll misses you.
A gnoll comes into view. It is wielding a +0 club.
The gnoll hits you from afar with a +0 spear.
You barely miss the gnoll.
The gnoll is heavily wounded.
The gnoll hits you with a +0 spear. The gnoll barely misses you.
You hit the gnoll.
You kill the gnoll!
The gnoll closely misses you. The gnoll hits you with a +0 spear.
* * * LOW HITPOINT WARNING * * *
There is a stone staircase leading down here.
The gnoll hits you with a +0 spear.
* * * LOW HITPOINT WARNING * * *
You climb downwards.
There is a stone staircase leading up here.
You barely miss the gnoll. The gnoll hits you with a +0 spear.
* * * LOW HITPOINT WARNING * * *
The gnoll hits you with a +0 spear.
You die...

#
#.##########
#......!....
#@g......
#..(........
###.........
..........
##.#.......
#. ##....#
#. ..... #.
....#


You could see a gnoll.

Vanquished Creatures
  A gnoll (D:2)
  3 adders
  2 dart slugs (D:1)
  A ribbon worm (D:2)
  A ball python (D:2)
  5 endoplasms
  4 giant cockroaches
  3 goblins (D:2)
  2 hobgoblins
  4 jackals (D:1)
  3 quokkas
  3 bats
  2 kobolds (D:1)
  5 rats
39 creatures vanquished.

Notes
Turn   | Place    | Note
-------+----------+-------------------------------------------
     0 | D:1      | grandjackal the Demonspawn Gladiator began the quest for
                  | the Orb.
     0 | D:1      | Reached XP level 1. HP: 16/16 MP: 1/1
   394 | D:1      | Gained mutation: Spells you cast may paralyse adjacent
                  | enemies. [demonic ancestry]
   394 | D:1      | Reached XP level 2. HP: 22/22 MP: 2/2
   695 | D:1      | Reached XP level 3. HP: 28/28 MP: 3/3
   732 | D:1      | Found Veithus's Antique Armour Boutique.
  1299 | D:2      | Found a broken altar of Ashenzari.
  1320 | D:3      | Gained mutation: Spells you cast may paralyse nearby
                  | enemies. [demonic ancestry]
  1320 | D:3      | Reached XP level 4. HP: 16/35 MP: 4/4
  1412 | D:3      | HP: 1/35 [gnoll/+0 spear (3)]
  1412 | D:3      | Slain by a gnoll

Illustrated notes

Levels and vault maps discovered:
D:1:      dpeg_arrival_simpleton_b, layout_basic, serial_shops,
          nicolae_shop_trees, dk_noncrumbling_3, hex_large
D:2:      layout_loops_cross, basic_altar, minivault_25,
          minmay_misc_feat_rugged, minmay_misc_feat_plants,
          uniq_crazy_yiuf_cottage, uniq_terence
D:3:      layout_rooms, worldfamousw_hep_ancestral_shrine, serial_shops,
          nicolae_shop_pleasant_corner_grove, shop, shop, shop

Skill      XL: |  1  2  3 |
---------------+----------+-----
Throwing       | 2 |  2.0
Dodging        | 3 |  3.0
Axes           | 3 |  3.6
Fighting       | 3 |  3.3

Action                     |  1- 3 |  4- 6 || total
---------------------------+-------+-------++-------
  Melee: War axe           |   103 |    11 ||   114
         Punch             |     1 |       ||     1
 Armour: Leather armour    |    10 |       ||    10
         Ring mail         |    58 |    13 ||    71
  Dodge: Dodged            |    88 |    16 ||   104

Table legend: (Time is in decaauts)
 A = Elapsed time spent in this place.
 B = Non-inter-level travel time spent in this place.
 C = Inter-level travel time spent in this place.
 D = Time resting spent in this place.
 E = Time spent auto-exploring this place.
 F = Levels seen in this place.
 G = Mean time per level.
                   A        B        C        D        E       F      G
               +--------+--------+--------+--------+--------+-----+--------+
         Total |   1450 |   1409 |     41 |    159 |    938 |   3 |  483.3 |
       Dungeon |   1450 |   1409 |     41 |    159 |    938 |   3 |  483.3 |
               +--------+--------+--------+--------+--------+-----+--------+

Top non-repeatable levels by time:
     D:1: 991 daAuts
     D:2: 373 daAuts
     D:3: 85 daAuts
